 Dungeon Crawl Stone Soup version 0.30-a0-949-g53dc5368d7 (console) character file.

Game seed: 3503606990609678171

130966 utis the Spry (level 17, -13/109 HPs)
             Began as a Tengu Wanderer on Mar 27, 2023.
             Mangled by Rupert
             ... wielding a +6 battleaxe of electrocution
              (14 damage)
             ... on level 1 of the Spider Nest.
             The game lasted 02:47:56 (47100 turns).

utis the Spry (Tengu Wanderer)                     Turns: 47100, Time: 02:47:57

Health: -13/109    AC: 15    Str: 16    XL:     17   Next: 9%
Magic:  27/27      EV: 26    Int: 24    God:
Gold:   155        SH:  0    Dex: 22    Spells: 1/28 levels left

rFire   + . .      SeeInvis .    a - +12 pair of quick blades {protect}
rCold   . . .      Faith    .    (shield currently unavailable)
rNeg    . . .      Spirit   .    B - +2 ring mail {rPois}
rPois   +          Reflect  .    s - +2 hat "Zusunuhuni" {rF+ Str+3}
rElec   .          Rampage  .    (no cloak)
rCorr   .                        Y - +2 pair of gloves
Will    +....                    (boots unavailable)
Stlth   ++                       i - amulet of magic regeneration {@e1}
HPRegen 0.38/turn                X - +6 ring of dexterity
MPRegen 0.60/turn                I - +6 ring of intelligence

@: mighty, brilliant, flying quickly and evasively, studying Ice Magic, quick
A: beak, talons 3, nimble flight
a: no special abilities


You were on level 1 of the Spider Nest.
You visited 4 branches of the dungeon, and saw 23 of its levels.
You also visited: Gauntlet.

You collected 2399 gold pieces.
You spent 2244 gold pieces at shops.

Inventory:

Hand Weapons
 a - the +12 pair of quick blades "Gyre" and "Gimble" (weapon) {protect}
   (You found it in a Gauntlet)
 b - a +5 spectral quick blade
Missiles
 l - 7 datura-tipped darts
 t - 2 throwing nets {=f}
 x - an atropa-tipped dart
 M - 4 curare-tipped darts {=f}
 T - 16 boomerangs
 U - 11 javelins
Armour
 k - +0 acid dragon scales
 s - the +2 hat "Zusunuhuni" (worn) {rF+ Str+3}
   (You found it in a Gauntlet)

   Str:       It affects your strength (+3).
   rF:        It protects you from fire.
 v - a +0 buckler
 B - a +2 ring mail of poison resistance (worn)
 Y - a +2 pair of gloves (worn)
Magical Staves
 u - a staff of air
Jewellery
 f - a ring of protection from fire
 i - an amulet of magic regeneration (around neck) {@e1}
 j - the ring "Kekegh" {Fire rN+ rCorr}
   (You found it in a Gauntlet)

   [ring of fire]

   It enhances your fire magic.
   rF:        It protects you from fire.
   rC:        It makes you vulnerable to cold.
   rN:        It protects you from negative energy.
   rCorr:     It protects you from acid and corrosion.
 C - a ring of protection from cold
 F - a ring of protection from fire
 I - a +6 ring of intelligence (right hand)
 X - a +6 ring of dexterity (left hand)
Wands
 c - a wand of mindburst (7)
 o - a wand of polymorph (28)
 H - a wand of paralysis (6)
 J - a wand of quicksilver (9)
 K - a wand of flame (52)
 O - a wand of roots (9)
 Q - a wand of digging (1)
Scrolls
 d - 2 scrolls of silence {!r}
 e - 3 scrolls of enchant armour
 y - 4 scrolls of amnesia
 z - 2 scrolls of blinking
 A - 5 scrolls of magic mapping
 D - a scroll of brand weapon
 E - 3 scrolls of identify {@r1}
 R - 2 scrolls of fear
 V - 2 scrolls of fog
 Z - 7 scrolls of teleportation {@r4}
Potions
 h - 8 potions of heal wounds {@q2}
 n - 6 potions of brilliance
 q - 5 potions of attraction
 w - 6 potions of cancellation
 N - 12 potions of curing {@q1}
 P - 2 potions of magic
Miscellaneous
 g - a phantom mirror (inert)
 m - a tin of tremorstones (2/2)
 p - a condenser vane
 r - a phantom mirror (inert)
 S - a lightning rod (4/4)


   Skills:
 + Level 13.5 Fighting
 - Level 9.9(10.0) Short Blades
 - Level 1.8(6.4) Long Blades
 - Level 2.1 Polearms
 - Level 4.0 Throwing
 + Level 14.1 Armour
 + Level 15.2 Dodging
 - Level 4.0 Stealth
 - Level 6.0 Spellcasting
 - Level 12.0 Conjurations
 - Level 3.0 Translocations
 - Level 2.0 Transmutations
 - Level 10.0 Fire Magic
 - Level 9.0 Air Magic
 - Level 2.0 Earth Magic
 - Level 5.1 Evocations


You had one spell level left.
You knew the following spells:

 Your Spells              Type           Power      Damage    Failure   Level
a - Apportation           Tloc           64%        N/A       3%          1
f - Fireball              Conj/Fire      37%        3d15      3%          5
k - Airstrike             Air            33%        2d(5-21)  3%          4
v - Blink                 Tloc           64%        N/A       5%          2
w - Passwall              Tmut/Erth      20%        N/A       9%          2
y - Sticky Flame          Conj/Fire      74%        2d9       1%          4
W - Swiftness             Air            66%        N/A       1%          3
Y - Starburst             Conj/Fire      37%        6d11      21%         6

Your spell library contained the following spells:

 Spells                   Type           Power      Damage    Failure   Level
 Kiss of Death            Conj/Necr      100%       2d13      1%          1
 Shock                    Conj/Air       100%       1d9       1%          1
 Beastly Appendage        Tmut           50%        N/A       5%          1
 Sandblast                Erth           50%        2d12      5%          1
 Necrotise                Necr           40%        1d6       12%         1
 Slow                     Hex            40%        N/A       12%         1
 Summon Small Mammal      Summ           40%        N/A       12%         1
 Momentum Strike          Conj/Tloc      100%       3d10      1%          2
 Searing Ray              Conj           100%       2d8       1%          2
 Kindle Blastsparks       Fire/Tloc/Air  100%       2d18      1%          3
 Stone Arrow              Conj/Erth      100%       3d13      1%          3
 Flame Wave               Conj/Fire      74%        2d16      1%          4
 Lesser Beckoning         Tloc           64%        N/A       5%          2
 Ignite Poison            Fire/Tmut/Pois 39%        N/A       7%          3
 Wereblood                Tmut           25%        N/A       9%          2
 Gell's Gravitas          Tloc           32%        N/A       11%         3
 Teleport Other           Tloc           32%        N/A       11%         3
 Ensorcelled Hibernation  Hex/Ice        20%        N/A       19%         2
 Irradiate                Conj/Tmut      28%        3d21      19%         5
 Spider Form              Tmut/Pois      18%        N/A       24%         3
 Manifold Assault         Tloc           32%        N/A       34%         4
 Confusing Touch          Hex            10%        N/A       36%         3
 Frozen Ramparts          Ice            20%        1d4       36%         3
 Ozocubu's Armour         Ice            10%        N/A       36%         3
 Vampiric Draining        Necr           10%        2d6       36%         3
 Ice Form                 Ice/Tmut       18%        N/A       63%         4
 Anguish                  Hex/Necr       5%         N/A       77%         4
 Dispel Undead            Necr           10%        3d9       77%         4
 Summon Ice Beast         Ice/Summ       10%        N/A       77%         4
 Summon Forest            Summ/Tloc      10%        N/A       88%         5
 Alistair's Intoxication  Tmut/Pois      12%        N/A       92%         5
 Dispersal                Tloc           16%        N/A       99%         6
 Eringya's Noxious Bog    Tmut/Pois      9%         N/A       100%        6
 Ozocubu's Refrigeration  Ice            5%         4d8       100%        7
 Storm Form               Tmut/Air       25%        N/A       100%        7
 Summon Hydra             Summ           5%         N/A       100%        7
 Ignition                 Fire           35%        3d11      100%        8
 Chain Lightning          Conj/Air       36%        3d48      100%        9
 Fire Storm               Conj/Fire      37%        8d9       100%        9


Dungeon Overview and Level Annotations

Branches:
Dungeon (15/15)            Temple (0/1) D:5            Lair (5/5) D:10
  Swamp (0/4) Lair:2       Spider (1/4) Lair:2        Slime (0/5) Lair:4
    Orc (2/2) D:11            Elf (0/3) Orc:2        Vaults (0/5) D:13
 Depths (0/4) D:15        Gauntlet (visited)

Altars:
Elyvilon
Fedhas
Kikubaaqudgha
Trog
The Shining One
Jiyva
Lugonu

Shops:
D:4 *   D:10 *   Orc:2 [*(=

Portals:
Abyss: Lair:5

Annotations:
Spider:1 Rupert


Innate Abilities, Weirdness & Mutations

You have a beak for a mouth.
You have claws for feet.
Your magical nature lets you fly swiftly and evasively.


Message History

Rupert completely misses you. The redback bites you!
The redback closely misses you.
Rupert hits you with a +6 battleaxe of electrocution!!
The redback closely misses you. x2
You hear a faint skittering sound.
Unknown command.
Unknown command.
The redback attacks as you move away! The redback completely misses you.
Rupert hits you with a +6 battleaxe of electrocution!
* * * LOW HITPOINT WARNING * * *
The redback completely misses you.
You puncture Rupert!
Your weapon exudes an aura of protection.
You claw Rupert! You peck Rupert. You puncture Rupert!
Rupert closely misses you.
The redback bites you but does no damage.
Rupert rages.
The redback misses you.
Rupert rages.
You hear a faint skittering sound.
You're too confused to move!
The redback misses you. The redback completely misses you.
Rupert hits you with a +6 battleaxe of electrocution!
* * * LOW HITPOINT WARNING * * *
Unknown command.
You're too confused to move!
You feel less confused. Rupert closely misses you.
The redback completely misses you.
Rupert hits you with a +6 battleaxe of electrocution!!
* * * LOW HITPOINT WARNING * * *
You hear a faint skittering sound.
Blink to where?
Press: ? - help, Dir - move target
As you read the scroll of blinking, it crumbles to dust.
The orb spider's many legs skitter faintly.
The redback bites you.
* * * LOW HITPOINT WARNING * * *
As you read the scroll of fear, it crumbles to dust.
You assume a fearsome visage.
Rupert is unaffected.
The orb spider looks frightened!
The redback looks frightened! x2
Rupert hits you with a +6 battleaxe of electrocution!
You die...

.░ ░░░░░░░░░......░░.░░
..░░░..░.░░░......░░...░░
...░..........░.........░
░...░░................░^░
░░...░░.†.░...........░░░ ░░░░
░.....░..░░.░s.░░░░░░...░ ░░..░
░░...░..░░.....░...s...░░ ░░...░
░.░.....░.......s@...░.░░░░...░░
░...░...........Q.░░...░^.░...░░░
░░...........░...^...........░..░
░░...........░.░...░░...........░
░.....░░.........░░░░.........░░░
^......░...░.░░░≈░░░░░.░..^....░
░░░...░░........≈≈≈░░░░░.^...░░░
^░....░........~~≈≈░░..░░.....░
.s.......░...░.~≈░≈≈░░..†..░.░░░
.>....░.░░......≈≈≈≈≈~░.......≈░


You could see Rupert (berserk), an orb spider (fleeing) and 2 redbacks.

Vanquished Creatures
  Donald (Orc:1)
  Aizul (Spider:1)
  The ghost of sastreii the Warrior, a journeyman FoFi of Jiyva (Orc:1)
  An orc warlord (Orc:2)
  A broodmother (Spider:1)
  A minotaur (Gauntlet)
  The ghost of Geeruv the Covert, a journeyman AtBr of Uskayaw (Lair:1)
  Josephine (Lair:5)
  3 vault guards (D:13)
  5 hydras
  2 ogre magi
  A rakshasa (D:14)
  2 catoblepae
  A death knight (D:13)
  A ghost crab (Lair:2)
  5 boulder beetles
  6 two-headed ogres
  12 death yaks
  3 tengu warriors
  5 centaur warriors
  4 orc high priests
  4 thrashing horrors (Lair:5)
  Urug (D:10)
  Sonja (D:12)
  2 skysharks (Lair:5)
  A pharaoh ant (Spider:1)
  A spectral catoblepas (Lair:2)
  Lodul (D:10)
  6 orc knights
  Pikel (D:7)
  A deep elf archer (D:13)
  A wizard (D:15)
  2 large abominations (Gauntlet)
  A phantasmal warrior (D:12)
  2 necromancers (D:15)
  3 deep elf pyromancers (D:15)
  A cyclops (shapeshifter) (Lair:5)
  An oklob plant (Lair:5)
  6 cyclopes
  5 orc sorcerers
  4 wolf spiders
  A manticore (D:11)
  13 elephants
  2 moths of wrath
  18 ugly things
  A centaur zombie (D:15)
  2 black mambas
  2 gargoyles
  A naga mage (D:15)
  2 smoke demons
  2 unseen horrors
  4 kobold demonologists
  8 rime drakes
  Maggie (D:7)
  11 cane toads
  2 freezing wraiths
  4 yaktaurs (D:15)
  9 komodo dragons
  An efreet (Gauntlet)
  A harpy zombie (D:15)
  2 ancient zymes (Lair:5)
  A polar bear (Lair:4)
  2 meliai
  A polar bear (shapeshifter) (D:13)
  A hornet (D:8)
  4 trolls
  A harpy skeleton (D:15)
  8 tarantellas
  Prince Ribbit (D:7)
  36 blink frogs
  4 dream sheep (Lair:4)
  3 water elementals
  5 jumping spiders
  10 slime creatures
  5 culicivoras (Spider:1)
  5 wyverns
  2 shadows
  6 wraiths
  A vampire (D:13)
  79 yaks
  A spriggan (Lair:5)
  Grum (D:8)
  A ynoxinul (Lair:5)
  A fire elemental (Gauntlet)
  A chaos spawn (Lair:5)
  2 steam dragons (D:7)
  A human (D:13)
  14 redbacks
  8 vampire mosquitoes
  11 basilisks
  2 wargs (Orc:2)
  An acid dragon (D:13)
  A water moccasin (shapeshifter) (Lair:5)
  18 water moccasins
  2 hell hounds (Gauntlet)
  31 orc warriors
  3 ice beasts (D:7)
  A sky beast (D:6)
  13 ogres
  15 wolves
  3 boggarts (D:15)
  20 centaurs
  3 lemures (D:7)
  A phantom (D:6)
  12 small abominations
  6 kobold brigands
  16 bullfrogs
  5 scorpions
  A gnoll sergeant (D:11)
  12 killer bees
  An electric eel (Spider:1)
  3 howler monkeys
  4 hounds
  5 jellies
  A gnoll bouda (D:5)
  27 orc priests
  A sleepcap (D:6)
  An iguana (shapeshifter) (Lair:5)
  2 iguanas
  29 orc wizards
  4 yak simulacra (D:15)
  7 hell rats (Lair:3)
  3 wolf simulacra (D:15)
  2 polar bear simulacra (D:15)
  11 gnolls
  6 adders
  2 shadow imps (D:6)
  A white imp (D:7)
  2 ufetubi
  A worm (D:13)
  3 dart slugs
  90 orcs
  6 bats
  10 endoplasms
  6 giant cockroaches
  6 goblins
  3 hobgoblins
  9 jackals
  18 kobolds
  4 quokkas
  7 ball pythons
  4 frilled lizards
  9 rats
  2 river rat simulacra (D:15)
862 creatures vanquished.

Vanquished Creatures (others)
  23 demonic plants (Gauntlet)
  39 fungi
  57 plants
119 creatures vanquished.

Grand Total: 981 creatures vanquished

Notes
Turn   | Place    | Note
-------+----------+-------------------------------------------
     0 | D:1      | utis the Tengu Wanderer began the quest for the Orb.
     0 | D:1      | utis set off with the following items: a +0 dagger, 2
                  | atropa-tipped darts, 2 datura-tipped darts, a +0 spear, a
                  | +0 pair of gloves, a potion of haste {@q3}, a +0 leather
                  | armour.
     0 | D:1      | Reached XP level 1. HP: 12/12 MP: 2/2
   336 | D:1      | Reached XP level 2. HP: 16/16 MP: 3/3
   708 | D:1      | Reached XP level 3. HP: 21/21 MP: 4/4
  1085 | D:2      | Reached skill level 3 in Dodging
  1124 | D:2      | Reached XP level 4. HP: 24/26 MP: 5/5
  1154 | D:2      | Learned a level 2 spell: Blink
  1211 | D:2      | Reached skill level 1 in Short Blades
  1335 | D:2      | Identified the +1 ring mail of Cume {Drain rF+ rC- Str+5}
  1778 | D:3      | Found a faded altar of an unknown god.
  1858 | D:3      | Gained mutation: Your magical nature lets you fly swiftly
                  | and evasively. [Tengu growth]
  1858 | D:3      | Reached XP level 5. HP: 31/31 MP: 6/6
  2441 | D:3      | Reached skill level 4 in Dodging
  2583 | D:4      | Found Zoshrij's Elemental Accessories.
  2854 | D:4      | Reached XP level 6. HP: 35/37 MP: 7/7
  3430 | D:4      | Learned a level 1 spell: Apportation
  3451 | D:5      | Entered Level 5 of the Dungeon
  3499 | D:5      | Found a staircase to the Ecumenical Temple.
  3822 | D:4      | Reached XP level 7. HP: 41/43 MP: 6/8
  3872 | D:4      | Reached skill level 5 in Dodging
  4176 | D:4      | Found Zoshrij's Elemental Accessories.
  4736 | D:5      | Found a white marble altar of Elyvilon.
  5129 | D:6      | Reached XP level 8. HP: 48/48 MP: 9/9
  5188 | D:6      | Reached skill level 5 in Fighting
  5188 | D:6      | Reached skill level 5 in Short Blades
  5233 | D:6      | Reached skill level 6 in Dodging
  6109 | D:7      | Noticed Maggie
  6127 | D:7      | Killed Maggie
  6215 | D:7      | Learned a level 4 spell: Sticky Flame
  6406 | D:7      | Found an ancient bone altar of Kikubaaqudgha.
  6474 | D:7      | Reached skill level 1 in Conjurations
  6474 | D:7      | Reached skill level 1 in Fire Magic
  6474 | D:7      | Reached XP level 9. HP: 55/55 MP: 10/10
  6689 | D:7      | Noticed Prince Ribbit
  6702 | D:7      | Killed Prince Ribbit
  6895 | D:7      | Noticed Pikel
  6916 | D:7      | Killed Pikel
  6917 | D:7      | Reached skill level 5 in Fire Magic
  7310 | D:7      | Reached XP level 10. HP: 40/60 MP: 6/11
  7319 | D:7      | Reached skill level 7 in Dodging
  7824 | D:8      | Noticed a two-headed ogre
  7835 | D:8      | Killed a two-headed ogre
  7836 | D:8      | Reached skill level 1 in Spellcasting
  7836 | D:8      | Reached skill level 1 in Translocations
  8063 | D:8      | Paralysed by a hornet for 2 turns
  8402 | D:8      | Identified the +1 spear "Hulk" {freeze, Will+ Str+8 Int-4
                  | Dex-4}
  9095 | D:9      | Found a glowing golden altar of the Shining One.
  9131 | D:9      | Noticed Grum
  9185 | D:8      | Killed Grum
 10125 | D:10     | Entered Level 10 of the Dungeon
 10200 | D:10     | Found Nuorphid's Assorted Antiques.
 10281 | D:10     | Noticed Urug
 10328 | D:10     | Found a staircase to the Lair.
 10395 | D:10     | Identified the +1 robe "Guosynk" {rPois}
 10450 | D:10     | Killed Urug
 10451 | D:10     | Reached XP level 11. HP: 66/66 MP: 15/15
 10459 | D:10     | Noticed Lodul
 10575 | D:10     | Killed Lodul
 10576 | D:10     | Reached skill level 1 in Long Blades
 10576 | D:10     | Reached skill level 5 in Armour
 10678 | D:9      | Reached skill level 8 in Dodging
 11795 | D:10     | Found a blossoming altar of Fedhas.
 11876 | D:10     | Bought a runed quick blade for 540 gold pieces
 12509 | D:11     | Noticed a boulder beetle
 12536 | D:11     | Killed a boulder beetle
 12943 | D:11     | Noticed a manticore
 12950 | D:11     | Killed a manticore
 13304 | D:11     | Reached skill level 9 in Dodging
 13304 | D:11     | Reached XP level 12. HP: 60/73 MP: 13/17
 13898 | D:11     | Found a staircase to the Orcish Mines.
 14167 | D:11     | Noticed a two-headed ogre
 14207 | D:11     | Noticed a two-headed ogre
 14222 | D:10     | Killed a two-headed ogre
 14348 | D:11     | Killed a two-headed ogre
 14962 | Lair:1   | Entered Level 1 of the Lair of Beasts
 14998 | Lair:1   | Found a transporter.
 15043 | Lair:1   | Noticed a catoblepas
 15184 | Lair:1   | Killed a catoblepas
 15436 | Lair:1   | Reached skill level 10 in Dodging
 15728 | Lair:1   | Reached skill level 5 in Evocations
 15882 | Lair:1   | Found a transporter.
 16333 | Lair:1   | Reached XP level 13. HP: 64/80 MP: 14/18
 16609 | Lair:1   | Noticed Geeruv's ghost (journeyman AtBr)
 17667 | Lair:1   | Killed Geeruv's ghost
 17768 | D:10     | Bought a scroll of identify for 60 gold pieces
 17768 | D:10     | Bought a scroll of identify for 60 gold pieces
 17768 | D:10     | Bought a scroll labelled FIROLI AHA TUR for 30 gold pieces
 17768 | D:10     | Bought a scroll of teleportation for 90 gold pieces
 18589 | Lair:1   | Learned a level 2 spell: Passwall
 18601 | Lair:1   | Identified the +0 mace of Conscience {protect, rF+ rCorr
                  | Str+3 SInv}
 18666 | Lair:2   | Found a hole to the Spider Nest.
 19476 | Lair:2   | Reached skill level 11 in Dodging
 19534 | Lair:2   | Found a staircase to the Swamp.
 19724 | Lair:3   | Reached skill level 10 in Conjurations
 19773 | Lair:3   | Reached skill level 10 in Fighting
 20123 | Lair:3   | Learned a level 3 spell: Swiftness
 20128 | Lair:3   | Learned a level 4 spell: Airstrike
 20198 | Lair:3   | Reached skill level 1 in Air Magic
 21682 | Lair:4   | Reached XP level 14. HP: 84/88 MP: 13/19
 21731 | Lair:4   | Reached skill level 10 in Armour
 22060 | Lair:4   | Found a viscous altar of Jiyva.
 22060 | Lair:4   | Found a staircase to the Slime Pits.
 23761 | Lair:4   | Found a viscous altar of Jiyva.
 23761 | Lair:4   | Found a staircase to the Slime Pits.
 24323 | Lair:5   | Entered Level 5 of the Lair of Beasts
 24684 | Lair:5   | Reached skill level 12 in Dodging
 24701 | Lair:4   | Reached skill level 5 in Air Magic
 26306 | Lair:4   | Found a viscous altar of Jiyva.
 26306 | Lair:4   | Found a staircase to the Slime Pits.
 28109 | Lair:4   | Reached skill level 1 in Earth Magic
 28747 | Lair:5   | Noticed Josephine
 28789 | Lair:5   | Reached skill level 1 in Transmutations
 28829 | Lair:5   | Reached XP level 15. HP: 88/95 MP: 14/21
 29016 | Lair:5   | Killed Josephine
 30291 | Lair:4   | Reached skill level 13 in Dodging
 30975 | D:4      | Bought a lightning rod (4/4) for 330 gold pieces
 32010 | Lair:5   | Found a corrupted altar of Lugonu.
 32010 | Lair:5   | Found a one-way gate to the infinite horrors of the Abyss.
 32022 | Lair:5   | Identified the +4 scimitar "Imygyutta" {heavy, Str+4}
 32265 | Orc:1    | Entered Level 1 of the Orcish Mines
 32720 | Orc:2    | Entered Level 2 of the Orcish Mines
 33278 | Orc:1    | Reached skill level 5 in Spellcasting
 33341 | Orc:2    | Paralysed by an orc sorcerer for 5 turns
 34155 | Orc:2    | Noticed Donald
 34478 | Orc:1    | Killed Donald
 34677 | Orc:2    | Found a runed translucent door.
 34950 | Orc:2    | Found a staircase to the Elven Halls.
 35422 | Orc:2    | Noticed an orc warlord
 35801 | Orc:2    | Found Geadwats's General Store.
 35802 | Orc:2    | Found Fith's Jewellery Shop.
 35804 | Orc:2    | Found Ruuh's Antique Armour Boutique.
 35804 | Orc:2    | Found Kosaawov's Antique Weapon Boutique.
 35809 | Orc:2    | Bought a runed hat for 196 gold pieces
 35864 | Orc:2    | Killed an orc warlord
 35967 | Orc:2    | Noticed sastreii's ghost (journeyman FoFi)
 36519 | Orc:1    | Killed sastreii's ghost
 37482 | Orc:2    | Bought a shiny ring mail for 196 gold pieces
 37483 | Orc:2    | Bought a transparent leather armour for 196 gold pieces
 37483 | Orc:2    | Identified the +3 leather armour "Opsaupas" {rC+ Regen+
                  | SInv} (You bought it in a shop on level 2 of the Orcish
                  | Mines)
 37501 | Orc:2    | Bought a wand of paralysis (2) for 62 gold pieces
 37698 | D:12     | Noticed Sonja
 37991 | D:12     | Killed Sonja
 39073 | D:13     | Found a gate leading to a gauntlet.
 39095 | Gauntlet | Entered a Gauntlet
 39095 | Gauntlet | Found a transporter.
 39104 | Gauntlet | Found a transporter.
 39122 | Gauntlet | Found a transporter.
 39125 | Gauntlet | Found a transporter.
 39146 | Gauntlet | Found a transporter.
 39159 | Gauntlet | Found a transporter.
 39183 | Gauntlet | Found a transporter.
 39212 | Gauntlet | Found a transporter.
 39212 | Gauntlet | Found a transporter.
 39213 | Gauntlet | Found a runed translucent door.
 39217 | Gauntlet | Found a transporter.
 39224 | Gauntlet | Found a runed translucent door.
 39242 | Gauntlet | Found a transporter.
 39242 | Gauntlet | Found a transporter.
 39383 | Gauntlet | Reached skill level 14 in Dodging
 39399 | Gauntlet | Identified the ring "Kekegh" {Fire rN+ rCorr}
 39471 | Gauntlet | Identified the +0 hat of Refuge {Int+5 Dex+4}
 39672 | Gauntlet | Found the +12 pair of quick blades "Gyre" and "Gimble"
                  | {protect}
 39689 | Gauntlet | Identified the +2 hat "Zusunuhuni" {rF+ Str+3}
 39833 | D:13     | Reached XP level 16. HP: 91/98 MP: 21/24
 40319 | D:13     | Found a gate to the Vaults.
 41143 | D:13     | Found a bloodstained altar of Trog.
 43298 | D:15     | Entered Level 15 of the Dungeon
 43340 | D:15     | Reached skill level 15 in Dodging
 44704 | D:4      | Bought the Folio of Embers for 484 gold pieces
 44710 | D:4      | Learned a level 5 spell: Fireball
 45320 | D:15     | Identified a scroll of acquirement
 45321 | D:15     | Acquired the Quarto of the Volley
 45480 | D:15     | Found a staircase to the Depths.
 45697 | Spider:1 | Entered Level 1 of the Spider Nest
 45942 | Spider:1 | Noticed Aizul
 46065 | Spider:1 | Killed Aizul
 46512 | Lair:2   | Reached XP level 17. HP: 91/109 MP: 26/26
 46891 | Spider:1 | Noticed Rupert
 46907 | Spider:1 | Paralysed by something for 5 turns
 46933 | Lair:2   | Reached skill level 10 in Fire Magic
 46940 | Lair:2   | Learned a level 6 spell: Starburst
 47098 | Spider:1 | HP: 3/109 [Rupert/+6 battleaxe of electrocution (32)]
 47099 | Spider:1 | HP: 1/109 [redback (3)]
 47100 | Spider:1 | Mangled by Rupert

Illustrated notes

Levels and vault maps discovered:
D:1:      dpeg_arrival_radiant, layout_rooms, kennysheep_decorative_pillar,
          reono_crystal_passage
D:2:      layout_rooms, corexii_item_surrounded_by_moat, minivault_24
D:3:      layout_basic, portal_sewer_entry_e, hellmonk_ecumenical_altar_blasted,
          chequers_jeans
D:4:      layout_basic, corner_web_ring, nicolae_elemental_shop,
          grunt_decor_junction
D:5:      layout_rooms, old_standard_altar, minmay_temple_entry_arrows
D:6:      layout_loops_ring
D:7:      layout_basic, lemuel_round_altar, uniq_pikel, uniq_maggie,
          uniq_prince_ribbit1
D:8:      layout_basic
D:9:      layout_basic, lemuel_round_altar, serial_corexii_hall,
          chequers_hall_statues_wall_a, corexii_hall_statues_u, uniq_grum
D:10:     layout_basic, fedhas_altar_fruit_tree, lair_entry_dummy, serial_shops,
          nicolae_shop_stone, bh_walls_and_bars, uniq_urug, uniq_lodul
D:11:     nzn_winding_woodlands_small [nzn_winding_woodlands_5x15_pockets,
          nzn_winding_woodlands_center_triple_pond,
          nzn_winding_woodlands_5x15_eye], layout_irregular_city, david_orc_4,
          amcnicky_mini_corridor_feature, amcnicky_mini_rare_corridor_liquid
D:12:     layout_irregular_city, uniq_sonja
D:13:     layout_basic, grunt_vaults_entry_fortified, gauntlet_entry_generic,
          tgw_trog
D:14:     layout_loops_ring
D:15:     grunt_enter_depths_magical_seal, layout_irregular_city,
          eino_house_with_fridge
Lair:1:   layout_regular_city, gammafunk_ghost_arena, grunt_megastairs_2
Lair:2:   layout_chaotic_city, nicolae_swamp_entry_spooky,
          hellmonk_spider_entry_not_the_bees, infiniplex_staircase_pool
Lair:3:   layout_chaotic_city
Lair:4:   layout_cave_pods, slime_entry_1, grunt_megastairs_4
Lair:5:   hellmonk_lair_end_abyssal_woods, layout_gridlike, minivault_26,
          nicolae_lair_yak_garden, uniq_josephine
Spider:1: layout_spider_delve, uniq_aizul, uniq_rupert
Orc:1:    layout_caves
Orc:2:    st_orc_congregation, layout_diamond_mine,
          ebering_ghost_reflecting_pool, uniq_donald

Skill      XL: |  1  2  3  4  5  6  7  8  9 10 11 12 13 14 15 16 17 |
---------------+----------------------------------------------------+-----
Polearms       | 2 |  2.1
Fighting       | 2 3 4 5 6 7 9 10 11 12 13 | 13.5
Dodging        | 3 4 5 6 7 9 10 11 12 14 15 | 15.2
Short Blades   | 1 2 3 4 6 7 8 9 |  9.9
Armour         | 3 4 6 8 9 11 12 14 | 14.1
Conjurations   | 1 7 8 10 11 12 | 12.0
Fire Magic     | 1 6 8 9 10 | 10.0
Spellcasting   | 2 3 5 6 |  6.0
Translocations | 2 3 |  3.0
Throwing       | 3 4 |  4.0
Long Blades    | 1 |  1.8
Evocations     | 3 5 |  5.1
Air Magic      | 2 5 8 9 |  9.0
Earth Magic    | 1 2 |  2.0
Transmutations | 1 2 |  2.0
Stealth        | |  4.0

Action                     |  1- 3 |  4- 6 |  7- 9 | 10-12 | 13-15 | 16-18 || total
---------------------------+-------+-------+-------+-------+-------+-------++-------
  Melee: Spear             |    68 |       |       |       |       |       ||    68
         Peck              |    10 |    21 |    61 |   250 |   649 |   171 ||  1162
         Kick              |    12 |    39 |    87 |   395 |  1027 |   244 ||  1804
         Dagger            |    10 |   100 |    20 |    46 |       |       ||   176
         Punch             |       |     2 |     4 |    12 |    45 |       ||    63
         Short sword       |       |    39 |   235 |   273 |       |       ||   547
         Quick blade       |       |       |       |   543 |  1989 |       ||  2532
         Pair of quick bla |       |       |       |       |     8 |   485 ||   493
  Throw: Stone             |    10 |     8 |    23 |     2 |       |       ||    43
         Dart              |     3 |       |     9 |       |     6 |       ||    18
         Javelin           |       |       |       |    24 |     8 |       ||    32
         Boomerang         |       |       |       |    56 |   132 |    32 ||   220
   Cast: Sticky Flame      |       |       |       |    56 |   169 |    76 ||   301
         Blink             |       |       |       |       |     1 |     1 ||     2
         Passwall          |       |       |       |       |     5 |     1 ||     6
         Airstrike         |       |       |       |       |     1 |    17 ||    18
         Apportation       |       |       |       |       |     1 |     1 ||     2
         Fireball          |       |       |       |       |       |    19 ||    19
  Evoke: Wand              |       |       |       |     3 |    11 |       ||    14
         Condenser vane    |       |       |       |       |       |     1 ||     1
         Phantom mirror    |       |       |       |       |       |     1 ||     1
    Use: Scroll            |       |     7 |     5 |     4 |    20 |     4 ||    40
         Potion            |       |     1 |     1 |       |     2 |     6 ||    10
   Stab: Sleeping          |     5 |     3 |     5 |     1 |       |     3 ||    17
         Invisible         |     1 |     2 |       |       |       |       ||     3
         Paralysed         |       |       |       |     3 |     3 |       ||     6
         Distracted        |       |       |       |     1 |    48 |       ||    49
         Petrified         |       |       |       |       |     8 |       ||     8
         Petrifying        |       |       |       |       |     4 |       ||     4
         Confused          |       |       |       |       |       |     3 ||     3
 Armour: Leather armour    |     6 |       |       |       |       |       ||     6
         Ring mail         |       |    36 |     8 |       |   166 |    40 ||   250
         Scale mail        |       |       |     9 |       |       |       ||     9
         Steam dragon scal |       |       |    12 |    82 |    14 |       ||   108
         Acid dragon scale |       |       |       |       |       |    62 ||    62
  Dodge: Dodged            |    27 |    95 |   122 |   575 |   841 |   439 ||  2099

Table legend: (Time is in decaauts)
 A = Elapsed time spent in this place.
 B = Non-inter-level travel time spent in this place.
 C = Inter-level travel time spent in this place.
 D = Time resting spent in this place.
 E = Time spent auto-exploring this place.
 F = Levels seen in this place.
 G = Mean time per level.
                   A        B        C        D        E       F      G
               +--------+--------+--------+--------+--------+-----+--------+
         Total |  42557 |  39613 |   2944 |  15029 |  16542 |  24 | 1773.2 |
       Dungeon |  21840 |  19881 |   1959 |   6544 |   9315 |  15 | 1456.0 |
          Lair |  15525 |  14769 |    756 |   6343 |   5747 |   5 | 3105.0 |
   Spider Nest |    663 |    663 |      0 |    336 |     79 |   1 |  663.0 |
  Orcish Mines |   3977 |   3748 |    229 |   1692 |   1147 |   2 | 1988.5 |
      Gauntlet |    551 |    551 |      0 |    112 |    252 |   1 |  551.0 |
               +--------+--------+--------+--------+--------+-----+--------+

Top non-repeatable levels by time:
  Lair:4: 5568 daAuts
    D:11: 3088 daAuts
  Lair:5: 3041 daAuts
   Orc:2: 2640 daAuts
  Lair:1: 2628 daAuts
    D:10: 2594 daAuts
  Lair:2: 2163 daAuts
  Lair:3: 2124 daAuts
    D:14: 2056 daAuts
     D:4: 1832 daAuts
    D:15: 1501 daAuts
     D:7: 1488 daAuts
     D:9: 1421 daAuts
    D:12: 1339 daAuts
   Orc:1: 1337 daAuts
